AoeStats
← BaLVaL

Arabia

510351211Analyzed
1v1 RM · 1d ago on Sep 30, 2026· 40m 33s· 2 players
Game mode
Random Map
Map size
Tiny (2 player)
Population
200
Speed
Normal
Resources
Standard
Victory
Conquest
Starting age
Dark Age
Ending age
Imperial Age
RankedLock teamsTeams togetherTeam positionsShared explorationLock speedFull tech treeHidden civsTurbo modeCheats
Victory
Defeat
🇨🇱 Bulgarians · Chile
1034
+16
🇺🇸 Danes · United States
1037
-16
BaLVaL
4:31 Loom
10:51 Feudal Age
12:53 Horse Collar
13:00 Double-Bit Axe
17:34 Gold Mining
22:52 Castle Age
21:49 Forging
21:39 Scale Mail Armor
23:55 Wheelbarrow
23:06 Town Watch
23:49 Chain Mail Armor
24:09 Iron Casting
23:39 Gambesons
24:10 Squires
25:08 Heavy Plow
25:23 Bow Saw
26:39 Gold Shaft Mining
28:12 Hand Cart
27:56 Arson
36:10 Imperial Age
36:18 Heavy Scorpion
38:10 Blast Furnace
37:40 Plate Mail Armor
37:58 Crop Rotation
37:20 Stone Mining
ratchet cat
10:38 Feudal Age
10:57 Man-at-Arms
12:40 Loom
14:23 Double-Bit Axe
20:35 Wheelbarrow
23:52 Castle Age
23:15 Forging
24:03 Scale Mail Armor
23:59 Long Swordsman
28:09 Arson
28:48 Stone Mining
33:42 Squires
40:16 Chain Mail Armor
Connection lost

Rejoining the realm…

Still unreachable

The connection could not be restored.

Session expired

The server has moved on; the page needs a fresh start.